 Dungeon Crawl Stone Soup version 0.31-a0-949-g57150269e1 (webtiles) character file.

Game seed: 5717687580976437851

630 miscthings the Changeling (level 7, -3/43 HPs)
             Began as an Octopode Shapeshifter on Oct 22, 2023.
             Killed by nerve-wracking pain
             ... invoked by an orc priest
              (11 damage)
             ... on level 4 of the Dungeon.
             The game lasted 00:05:39 (2364 turns).

miscthings the Changeling (Octopode Shapeshifter)   Turns: 2364, Time: 00:05:40

Health: -3/43      AC:  1    Str: 15    XL:     7   Next: 48%
Magic:  7/7        EV: 13    Int: 18    God:
Gold:   3          SH:  0    Dex: 12    Spells: 6/6 levels left

rFire   . .          .
                       - Unarmed
rCold   . . .        (shield currently unavailable)
rNeg    . . .        (helmet restricted)
rPois   .            (no amulet)
rElec   .            n - +6 ring of intelligence
rCorr   .            (no ring)
SInv    .            (no ring)
Will    .....        (no ring)
Stlth   +            (no ring)
HPRegen 0.27/turn    (no ring)
MPRegen 0.10/turn    (no ring)
                     (no ring)

%: no passive effects
@: flux-form, glowing
A: glow, contaminating, almost no armour, amphibious, 8 rings, camouflage 1,
gelatinous body 1, (nimble swimmer 1), tentacles
a: Begin Untransformation


You were on level 4 of the Dungeon.
You were something dangerously unstable.
You visited 1 branch of the dungeon, and saw 4 of its levels.

You collected 223 gold pieces.
You spent 220 gold pieces at shops.

Inventory:

Jewellery
 n - a +6 ring of intelligence (left tentacle)
Talismans
 b - a beast talisman
 c - a flux talisman (active)
Wands
 e - a wand of light (7)
 q - a wand of flame (20)
 r - a wand of paralysis (7)
Scrolls
 g - a scroll of blinking
 h - a scroll of immolation {unknown}
 i - a scroll of silence {unknown}
 l - 3 scrolls of fear
 m - a scroll of poison {unknown}
 o - a scroll of teleportation
 p - a scroll of amnesia {unknown}
Potions
 a - a potion of lignification
 d - 3 potions of curing
 f - 2 potions of heal wounds
 j - a potion of magic
 k - a potion of attraction {unknown}


   Skills:
 + Level 1.1 Fighting
 + Level 2.1 Dodging
 + Level 3.1 Unarmed Combat
 * Level 0.8 Evocations
 * Level 7.7 Shapeshifting


You had 6 spell levels left.
You didn't know any spells.
Your spell library contained the following spells:

 Spells                   Type           Power      Damage    Failure   Level
 Freeze                   Ice            0%         1d3       22%         1
 Ensorcelled Hibernation  Hex/Ice        0%         N/A       32%         2
 Jinxbite                 Hex            0%         N/A       32%         2
 Frozen Ramparts          Ice            0%         1d1       54%         3
 Hailstorm                Conj/Ice       0%         3d3       54%         3
 Ozocubu's Armour         Ice            0%         N/A       54%         3
 Anguish                  Hex/Necr       0%         N/A       91%         4
 Ozocubu's Refrigeration  Ice            0%         4d7       100%        7


Dungeon Overview and Level Annotations

Branches:
Dungeon (4/15)
 Temple: D:4-7

Altars:

Shops:
D:3 *


Innate Abilities, Weirdness & Mutations

You are something dangerously unstable.
You glow with magical radiation, making you easy to see and hit.
Foes you strike become dangerously contaminated with magical radiation.
You are incapable of wielding weapons or throwing items.
You cannot wear most types of armour.
You are amphibious.
You can wear up to eight rings at the same time.
Your skin changes colour to match your surroundings (Stealth+).
Your rubbery body absorbs attacks. (AC +1, EV +1)
((You are camouflaged when in or above water. (Stealth+)))
You have tentacles for arms and can constrict up to eight enemies at once.


Message History

You tentacle-slap the endoplasm.
You kill the endoplasm!
You start resting.
A hobgoblin comes into view. It is wielding a staff of air.
A hobgoblin is nearby!
A hobgoblin is nearby!
The hobgoblin shouts!
You tentacle-slap the hobgoblin.
The hobgoblin begins to glow.
You grab the hobgoblin.
The hobgoblin is heavily wounded.
You constrict the hobgoblin, but do no damage.
The hobgoblin closely misses you.
You tentacle-slap the hobgoblin.
You kill the hobgoblin!
Things that are here:
a staff of air; a hobgoblin corpse You see here a +2 short sword of venom.
An orc priest comes into view. It is wielding a +0 dagger.
An orc priest is nearby!
The orc priest shouts!
You hear a shout!
An orc comes into view.
It is wielding a +0 flail of protection.
You barely miss the orc priest. You grab the orc priest.
You constrict the orc priest, but do no damage.
A gnoll comes into view. It is wielding a +0 club.
The orc priest mumbles some strange prayers to Beogh against you.
Pain shoots through your body!
You tentacle-slap the orc priest but do no damage.
The orc priest begins to glow.
You constrict the orc priest, but do no damage.
An orc comes into view. It is wielding a +0 hand axe.
The orc priest invokes the aid of Beogh against you.
Beogh smites you!
* * * LOW HITPOINT WARNING * * *
You tentacle-slap the orc priest but do no damage.
The orc priest glows dangerously bright.
You constrict the orc priest.
An orc priest comes into view. It is wielding a +0 whip.
The orc priest invokes the aid of Beogh against you.
Pain shoots through your body!
You die...

#.......# #.......##.#
#...#....#.#.#
####...#....#.#.#
#.............#.# #
#?.........#....###. #
#...................
....#...................
........p....)........>..
........o............#...
.............###.....#...
..o..o.......##......#...
.o...........##......#...
...g.........##..........
................##+##.#..
.....###'#####. #.#.. #.
#.#..


You could see 2 orc priests, a gnoll and 2 orcs.

Vanquished Creatures
  Sigmund (D:3)
  A howler monkey (D:4)
  3 jellies (D:3)
  Jessica (D:3)
  An iguana (D:4)
  Natasha (thrice) (D:3)
  Ijyb (D:3)
  An orc wizard (D:3)
  Robin (D:3)
  3 adders
  2 gnolls
  4 worms
  A dart slug (D:2)
  4 orcs (D:3)
  6 ball pythons
  4 bats
  13 endoplasms
  7 goblins
  4 hobgoblins
  11 jackals
  3 quokkas
  3 frilled lizards
  11 kobolds
  6 rats
95 creatures vanquished.

Vanquished Creatures (others)
  A hobgoblin (D:3)
1 creature vanquished.

Grand Total: 96 creatures vanquished

Notes
Turn   | Place    | Note
-------+----------+-------------------------------------------
     0 | D:1      | miscthings the Octopode Shapeshifter began the quest for
                  | the Orb.
     0 | D:1      | Reached XP level 1. HP: 13/13 MP: 1/1
     2 | D:1      | Found a faded altar of an unknown god.
   571 | D:1      | Reached XP level 2. HP: 18/18 MP: 2/2
   832 | D:2      | Reached XP level 3. HP: 19/23 MP: 3/3
   843 | D:2      | Reached skill level 4 in Shapeshifting
  1033 | D:2      | Reached XP level 4. HP: 28/28 MP: 4/4
  1417 | D:3      | Noticed Natasha
  1433 | D:3      | Reached skill level 5 in Shapeshifting
  1439 | D:3      | Reached XP level 5. HP: 23/33 MP: 5/5
  1450 | D:3      | Killed Natasha
  1579 | D:3      | Noticed Natasha
  1582 | D:3      | Found Ryasm's Assorted Antiques.
  1584 | D:3      | Killed Natasha
  1609 | D:3      | Bought a scroll labelled ZETU CAGOGU for 32 gold pieces
  1609 | D:3      | Bought a bubbling brown potion for 28 gold pieces
  1609 | D:3      | Bought a scroll labelled FASICV LUKIRR for 32 gold pieces
  1739 | D:3      | Noticed Ijyb
  1739 | D:3      | Noticed Robin
  1761 | D:3      | Killed Ijyb
  1762 | D:3      | Reached skill level 6 in Shapeshifting
  1768 | D:3      | Killed Robin
  1769 | D:3      | Reached XP level 6. HP: 19/38 MP: 6/6
  2026 | D:3      | Noticed Natasha
  2040 | D:3      | Killed Natasha
  2041 | D:3      | Noticed Sigmund
  2047 | D:3      | Killed Sigmund
  2048 | D:3      | Reached skill level 7 in Shapeshifting
  2048 | D:3      | Reached XP level 7. HP: 23/43 MP: 7/7
  2188 | D:3      | Noticed Jessica
  2191 | D:3      | Killed Jessica
  2218 | D:3      | Bought a crooked bone wand for 128 gold pieces
  2364 | D:4      | Killed from afar by an orc priest

Illustrated notes

Levels and vault maps discovered:
D:1:      dpeg_arrival_tiny_k, layout_basic, ebering_ecumenical_altar_abandoned
D:2:      layout_rooms, chequers_serial_rivers_room_a,
          minmay_randomly_rotated_circles
D:3:      cheibrodos_fertilizer, layout_rooms, serial_shops,
          nicolae_square_shop, minmay_misc_feat_diagonals, nicolae_goblin_pals,
          uniq_natasha, uniq_sigmund, uniq_jessica
D:4:      layout_basic, zin_statuary, serial_shops, shop

Skill      XL: |  1  2  3  4  5  6 |
---------------+-------------------+-----
Shapeshifting  | 4 5 6 7 |  7.7
Fighting       | |  1.1
Dodging        | |  2.1
Unarmed Combat | |  3.1
Evocations     | |  0.8

Action                     |  1- 3 |  4- 6 |  7- 9 || total
---------------------------+-------+-------+-------++-------
  Melee: Unarmed           |    63 |   114 |    27 ||   204
         Constrict         |    13 |    26 |     9 ||    48
         Tentacles         |     6 |    27 |     5 ||    38
         Punch             |     2 |     2 |       ||     4
  Evoke: Wand              |       |     1 |       ||     1
    Use: Scroll            |       |     6 |       ||     6
         Potion            |       |     1 |       ||     1
   Stab: Sleeping          |     5 |     2 |       ||     7
         Invisible         |       |     1 |       ||     1
 Armour: Skin              |    17 |    59 |     7 ||    83
  Dodge: Dodged            |    38 |    67 |     7 ||   112
   Form: Flux              |       |       |     1 ||     1

Table legend: (Time is in decaauts)
 A = Elapsed time spent in this place.
 B = Non-inter-level travel time spent in this place.
 C = Inter-level travel time spent in this place.
 D = Time resting spent in this place.
 E = Time spent auto-exploring this place.
 F = Levels seen in this place.
 G = Mean time per level.
                   A        B        C        D        E       F      G
               +--------+--------+--------+--------+--------+-----+--------+
         Total |   2352 |   2189 |    163 |    262 |   1307 |   4 |  588.0 |
       Dungeon |   2352 |   2189 |    163 |    262 |   1307 |   4 |  588.0 |
               +--------+--------+--------+--------+--------+-----+--------+

Top non-repeatable levels by time:
     D:3: 878 daAuts
     D:1: 815 daAuts
     D:2: 531 daAuts
     D:4: 126 daAuts
